Map: Sueño ártico EE

Players

MrFercho

  • Race: Zerg Zerg
  • League: Silver
  • Spawn Location: 12:00

tigro

  • Race: Terran Terran
  • League: Bronze
  • Spawn Location: 11:00

Escapist

  • Race: Protoss Protoss
  • League: Platinum
  • Spawn Location: 6:00

Sunny

  • Race: Protoss Protoss
  • Spawn Location: 5:00

VOD

Have the link to the VOD?

Description

Time

  • Played on: May 27, 2020, 10:05 p.m.
  • Length: 24:40
Show
View Real Time Build Order
Export as new Build Order

MrFercho Zerg 

Build Orders: Hatch First 

Get SALT Encoding   

  12  0:30  Hatchery  
  11  0:37  Drone  
  12  0:52  Spawning Pool  
  12  0:55  Drone  
  12  1:03  Overlord  
  12  1:13  Overlord  
  12  1:28  Drone x2  
  14  1:37  Extractor  
  13  1:40  Extractor  
  12  1:47  Zergling x6  
  15  1:58  Queen  
  17  2:15  Zergling x2  
  18  2:16  Zergling x4  
  18  2:17  Zergling x2  
  18  2:18  Zergling x2  
  22  2:49  Metabolic Boost  
  22  2:55  Evolution Chamber  
  21  2:59  Drone x2  
  21  3:00  Drone  
  19  3:39  Zergling x2  
  19  3:40  Zergling x14  
  24  3:51  Drone x2  
  26  4:19  Zerg Melee Weapons Level 1  
  18  4:53  Zergling x2  
  18  4:54  Zergling x10  
  24  5:14  Drone  
  24  5:16  Drone x2  
  24  5:20  Drone  
  28  5:22  Lair  
  28  5:33  Drone  
  29  5:37  Zergling x2  
  29  5:38  Zergling x8  
  28  6:42  Zerg Melee Weapons Level 2  
  28  6:44  Hatchery, Hydralisk Den  
  26  6:49  Infestation Pit  
  20  7:19  Hydralisk  
  20  7:20  Hydralisk x6  
  34  7:42  Evolution Chamber  
  33  7:52  Drone  
  33  7:53  Drone  
  33  7:54  Overlord x2  
  35  8:24  Zerg Missile Weapons Level 1  
  35  8:29  Drone  
  35  8:30  Drone x5  
  43  8:34  Drone x2  
  29  9:39  Hydralisk x11  
  29  9:40  Hydralisk  
  53  9:51  Extractor  
  52  9:53  Extractor  
  51  10:02  Zerg Ground Armor Level 1  
  51  10:03  Hive  
  51  10:12  Drone  
  51  10:13  Drone x2  
  54  10:21  Drone x3  
  57  10:29  Zerg Missile Weapons Level 2  
  57  10:37  Drone  
  57  10:39  Overlord  
  58  10:48  Grooved Spines  
  58  11:04  Drone x2  
  60  11:17  Hydralisk  
  60  11:18  Hydralisk x2  
  62  11:21  Overlord  
  66  11:39  Hatchery  
  65  11:56  Unknown  
  65  11:59  Zerg Ground Armor Level 2  
  65  12:00  Muscular Augments  
  65  12:02  Overseer  
  65  12:04  Drone x4  
  69  12:34  Hydralisk  
  69  12:35  Hydralisk  
  73  12:38  Overlord x2  
  73  12:39  Overlord  
  73  12:43  Drone  
  74  12:59  Drone  
  75  13:06  Drone  
  76  13:16  Zerg Missile Weapons Level 3  
  76  13:20  Neural Parasite  
  76  13:24  Hydralisk  
  76  13:25  Hydralisk x6  
  90  13:49  Queen  
  92  14:02  Overlord x2  
  92  14:03  Overlord  
  92  14:07  Drone x3  
  95  14:24  Overseer  
  95  14:26  Pneumatized Carapace  
  95  14:30  Burrow  
  95  14:32  Hydralisk  
  95  14:33  Hydralisk x8  
  113  14:39  Pathogen Glands  
  113  14:44  Infestor  
  115  15:48  Overlord x2  
  115  15:56  Zerg Ground Armor Level 3  
  115  16:06  Extractor  
  115  16:08  Extractor  
  113  16:53  Hydralisk  
  113  16:54  Hydralisk x14  
  113  16:58  Overlord  
  113  16:59  Overlord x2  
  73  17:37  Viper  
  73  17:38  Viper x4  
  58  18:25  Hydralisk x9  
  76  18:38  Drone x3  
  79  18:48  Overseer  
  79  18:57  Drone  
  79  18:58  Queen  
  82  19:14  Hydralisk  
  82  19:15  Hydralisk x8  
  100  19:32  Nydus Network  
  99  20:07  Hatchery  
  98  20:14  Overseer  
  98  20:18  Hydralisk  
  98  20:19  Hydralisk x8  
  59  21:10  Hydralisk x3  
  49  21:34  Lair  
  42  21:50  Spawning Pool  
  41  21:56  Drone x3  
  32  22:14  Drone  
  28  22:55  Spire  
  27  23:00  Hatchery  
  27  23:03  Hatchery  
  25  23:09  Hatchery  
  25  23:11  Extractor, Hatchery  
  22  23:13  Extractor  
  21  23:27  Hydralisk Den  
  20  23:59  Hydralisk  
  20  24:00  Hydralisk x2  
  28  24:03  Overlord x3  
Show
View Real Time Build Order
Export as new Build Order

tigro Terran 

Build Orders:  

Get SALT Encoding   

  12  0:04  SCV  
  13  0:16  SCV  
  14  0:23  Supply Depot  
  14  0:28  SCV  
  15  0:36  Refinery  
  15  0:45  SCV  
  16  0:53  Barracks  
  16  1:00  SCV  
  17  1:12  SCV  
  18  1:18  Refinery  
  18  1:24  SCV  
  18  1:25  Supply Depot  
  19  1:36  SCV  
  20  1:43  Marine  
  21  1:48  SCV  
  22  2:01  Marine, SCV  
  24  2:10  Barracks  
  24  2:13  SCV  
  25  2:19  Marine  
  25  2:22  Engineering Bay  
  26  2:25  SCV  
  27  2:37  Marine  
  27  2:38  Orbital Command  
  28  2:54  Marine  
  29  3:02  Barracks Tech Lab  
  29  3:04  Factory  
  29  3:17  Barracks Tech Lab  
  27  3:41  Combat Shield  
  26  3:43  Stimpack  
  26  3:47  Marauder  
  28  3:50  Marine  
  28  3:54  Factory Tech Lab  
  29  4:08  Marauder, Marine  
  32  4:11  Starport  
  32  4:17  Terran Infantry Weapons Level 1  
  32  4:26  Marine  
  32  4:30  Marauder  
  35  4:43  Marine  
  35  4:44  Armory  
  36  4:51  Marauder  
  38  4:59  Concussive Shells  
  38  5:15  Command Center  
  38  5:23  Marauder, Medivac  
  30  6:11  Terran Infantry Armor Level 1  
  28  6:32  Starport Tech Lab  
  28  6:34  Marine  
  28  6:37  Marauder  
  31  6:41  SCV  
  32  6:49  Siege Tank  
  32  6:50  Refinery  
  32  6:52  Marine  
  32  6:54  SCV  
  37  6:58  Marauder  
  39  7:06  SCV  
  40  7:10  Marine  
  41  7:18  SCV  
  41  7:20  Marauder  
  41  7:21  Siege Tank  
  47  7:27  Marine  
  47  7:29  Fusion Core  
  48  7:30  SCV  
  49  7:41  Marauder  
  51  7:45  Marine  
  52  7:53  Siege Tank  
  52  7:55  Refinery  
  55  8:03  Marauder, Marine  
  58  8:05  Hi-Sec Auto Tracking  
  58  8:21  Marine  
  58  8:23  Marine  
  60  8:30  Planetary Fortress  
  60  8:39  Marine  
  61  8:41  Marine  
  62  9:02  Terran Infantry Weapons Level 2  
  62  9:15  Marine  
  62  9:16  Marine  
  33  9:33  Marine  
  33  9:34  Marine  
  33  9:37  Siege Tank  
  38  9:47  Weapon Refit  
  38  9:49  Medivac  
  38  9:51  Marine  
  38  9:52  Marine  
  42  9:55  SCV  
  43  10:07  SCV  
  43  10:09  Marine x2, Siege Tank  
  49  10:27  Marine x2  
  51  10:41  Siege Tank, Missile Turret  
  54  10:44  Marine  
  54  10:45  Marine  
  56  11:01  Missile Turret  
  56  11:13  Siege Tank  
  56  11:15  Drilling Claws  
  56  11:18  Terran Infantry Armor Level 2  
  59  11:21  Missile Turret  
  59  11:25  Missile Turret  
  59  11:42  Missile Turret  
  59  11:46  Siege Tank  
  62  11:48  Terran Vehicle Weapons Level 1  
  62  11:49  Missile Turret  
  62  12:03  Supply Depot  
  62  12:25  Battlecruiser, Widow Mine  
  62  12:26  Supply Depot  
  70  12:34  Smart Servos  
  70  12:38  Command Center  
  70  12:41  Marine x2  
  72  12:47  Widow Mine  
  74  12:59  Marine x2  
  76  13:17  Marine x2  
  78  13:29  Widow Mine  
  115  13:34  Battlecruiser, Neosteel Armor  
  86  13:42  Terran Vehicle And Ship Armor Level 1  
  86  13:44  Marine  
  86  13:45  Marine  
  88  13:50  Widow Mine  
  88  13:53  Mag-Field Accelerator  
  90  13:56  Refinery x2  
  90  14:02  Marine x2  
  92  14:11  Widow Mine  
  94  14:31  Marine  
  94  14:33  Widow Mine  
  103  14:38  Battlecruiser  
  103  14:49  Marine  
  104  14:54  Widow Mine  
  106  15:07  Marine  
  107  15:14  Terran Infantry Weapons Level 3  
  107  15:25  Marine  
  108  15:32  Infernal Pre-Igniter  
  108  15:42  Marine  
  109  16:16  Supply Depot  
  109  16:37  Marine x2  
  109  16:38  Supply Depot, Battlecruiser  
  117  16:59  Marine x2  
  92  17:17  Marine x2  
  57  17:35  Marine  
  58  17:42  Battlecruiser  
  64  17:51  Terran Infantry Armor Level 3  
  64  17:53  Marine  
  55  18:19  Thor  
  61  18:46  Battlecruiser  
  67  18:52  Missile Turret  
  67  19:02  Thor  
  73  19:11  Missile Turret  
  73  19:36  Missile Turret  
  73  19:44  Thor  
  79  19:51  Battlecruiser  
  85  19:53  Orbital Command  
  85  20:11  Orbital Command  
  85  20:16  Marine  
  85  20:19  Marine  
  87  20:27  Thor  
  93  20:34  Marine  
  94  20:36  Marine  
  71  20:52  Marine  
  71  20:54  Marine  
  71  20:55  Medivac  
  50  21:06  SCV  
  50  21:09  Marine  
  52  21:12  Marine  
  53  21:18  SCV  
  60  21:27  Marine  
  60  21:28  Thor  
  60  21:30  Marine, SCV  
  69  21:42  SCV  
  69  21:45  Marine  
  71  21:48  Marine  
  72  21:55  SCV  
  73  22:03  Marine  
  73  22:05  Marine  
  53  22:21  Marine  
  14  22:55  Barracks  
Show
View Real Time Build Order
Export as new Build Order

Escapist Protoss 

Build Orders: Carriers 

Get SALT Encoding   

  12  0:01  Probe  
  13  0:13  Probe  
  14  0:20  Pylon  
  14  0:25  Probe  
  15  0:38  Probe  
  15  0:39  Gateway  
  16  0:50  Probe  
  16  0:53  Forge  
  17  1:02  Probe  
  18  1:06  Assimilator  
  18  1:14  Probe  
  18  1:16  Pylon  
  19  1:26  Probe  
  19  1:28  Cybernetics Core  
  20  1:38  Probe  
  21  1:40  Pylon  
  21  1:49  Gateway  
  21  1:51  Probe  
  21  1:54  Assimilator  
  22  1:59  Warp Gate (Chrono Boost)  
  22  2:03  Probe  
  23  2:15  Probe  
  24  2:21  Stalker  
  26  2:27  Probe  
  27  2:38  Nexus  
  27  2:45  Probe  
  28  2:54  Shield Battery  
  28  2:56  Protoss Ground Weapons Level 1 (Chrono Boost)  
  28  3:00  Stalker  
  30  3:12  Pylon  
  30  3:17  Probe  
  31  3:29  Probe  
  32  3:50  Stalker x2  
  32  3:52  Probe  
  32  3:53  Probe  
  38  4:04  Gateway  
  38  4:05  Probe x2  
  38  4:08  Stargate  
  38  4:09  Pylon  
  41  4:17  Probe x2  
  41  4:18  Protoss Air Weapons Level 1 (Chrono Boost)  
  41  4:23  Pylon  
  42  4:29  Probe  
  42  4:30  Stalker  
  45  4:47  Protoss Ground Armor Level 1 (Chrono Boost)  
  45  4:54  Void Ray  
  49  5:04  Robotics Facility  
  49  5:06  Probe x2  
  51  5:08  Shield Battery  
  51  5:12  Assimilator, Photon Cannon  
  51  5:14  Assimilator  
  51  5:18  Stalker, Probe x2  
  51  5:20  Stalker  
  57  5:31  Pylon  
  57  5:36  Pylon, Probe x2  
  59  5:48  Probe x2  
  61  6:24  Void Ray  
  65  6:26  Immortal  
  65  6:28  Stalker x3  
  75  6:36  Protoss Shields Level 1 (Chrono Boost)  
  75  6:49  Protoss Air Armor Level 1 (Chrono Boost)  
  75  6:57  Gateway  
  75  7:01  Gateway  
  75  7:18  Nexus  
  75  7:19  Pylon  
  75  7:20  Void Ray  
  75  7:21  Pylon  
  75  7:22  Immortal  
  83  7:26  Stalker x2, Pylon  
  83  7:27  Stalker  
  89  7:39  Pylon  
  89  7:42  Pylon  
  89  7:46  Shield Battery  
  89  7:50  Shield Battery  
  89  7:54  Photon Cannon  
  89  7:57  Photon Cannon  
  89  8:05  Void Ray  
  93  8:06  Assimilator  
  93  8:10  Assimilator  
  93  8:11  Pylon  
  93  8:20  Probe  
  93  8:21  Probe  
  95  8:30  Probe  
  96  8:35  Probe x2  
  98  8:42  Probe  
  98  8:46  Fleet Beacon  
  98  8:47  Probe x2  
  101  8:49  Pylon  
  101  8:53  Gateway  
  101  8:57  Twilight Council  
  101  8:58  Probe  
  101  8:59  Pylon, Probe  
  101  9:00  Probe  
  104  9:10  Probe  
  104  9:11  Probe  
  104  9:12  Probe  
  107  9:43  Photon Cannon  
  107  9:45  Shield Battery  
  107  9:48  Photon Cannon, Carrier  
  113  9:53  Unknown  
  113  9:55  Charge (Chrono Boost)  
  113  9:57  Protoss Shields Level 2 (Chrono Boost), Stargate  
  113  10:00  Stargate  
  113  10:01  Pylon  
  113  10:02  Protoss Air Weapons Level 2 (Chrono Boost)  
  113  10:18  Stalker  
  113  10:19  Stalker  
  113  10:20  Stalker x2  
  113  10:21  Stalker  
  123  10:22  Stalker  
  125  10:42  Void Ray  
  129  10:49  Void Ray  
  133  10:58  Stargate  
  133  11:02  Stargate  
  133  11:04  Pylon  
  133  11:06  Pylon  
  133  11:07  Carrier  
  133  11:10  Nexus  
  139  11:14  Pylon  
  139  11:16  Pylon  
  139  11:18  Pylon  
  139  11:29  Carrier  
  145  11:39  Shield Battery  
  145  11:42  Shield Battery  
  145  11:44  Photon Cannon  
  145  11:46  Photon Cannon  
  145  11:48  Protoss Shields Level 3 (Chrono Boost)  
  145  11:51  Pylon  
  145  11:53  Carrier  
  151  12:11  Protoss Air Armor Level 2 (Chrono Boost)  
  151  12:13  Probe  
  151  12:14  Probe x2  
  154  12:18  Carrier  
  160  12:25  Shield Battery, Probe  
  160  12:27  Probe x3  
  164  12:37  Probe  
  164  12:40  Carrier  
  164  12:42  Probe  
  164  12:43  Probe  
  173  12:44  Probe  
  174  12:52  Assimilator  
  174  12:54  Assimilator  
  174  12:55  Probe  
  174  12:57  Probe  
  176  13:04  Observer  
  183  13:16  Carrier (Chrono Boost)  
  183  13:23  Photon Cannon  
  183  13:25  Photon Cannon  
  183  13:26  Observer  
  184  13:27  Carrier (Chrono Boost)  
  184  13:30  Photon Cannon  
  184  13:33  Pylon  
  190  13:36  Carrier (Chrono Boost)  
  190  13:38  Pylon  
  190  13:40  Void Ray (Chrono Boost)  
  200  14:24  Protoss Air Weapons Level 3 (Chrono Boost)  
  200  14:28  Protoss Ground Weapons Level 2 (Chrono Boost)  
  200  15:04  Nexus  
  200  15:09  Pylon  
  200  15:11  Pylon  
  200  15:13  Pylon  
  200  15:30  Shield Battery  
  200  15:31  Shield Battery  
  200  15:34  Photon Cannon  
  200  15:35  Photon Cannon  
  200  15:38  Photon Cannon  
  200  15:41  Photon Cannon  
  200  15:55  Pylon  
  200  15:57  Pylon  
  200  16:36  Assimilator  
  200  16:40  Shield Battery  
  200  16:42  Assimilator, Photon Cannon  
  200  16:56  Protoss Air Armor Level 3 (Chrono Boost)  
  200  17:57  Protoss Ground Armor Level 2 (Chrono Boost)  
  200  19:02  Photon Cannon  
  200  19:05  Photon Cannon  
  200  19:09  Photon Cannon  
  200  19:12  Photon Cannon  
  200  19:13  Photon Cannon  
  200  19:15  Photon Cannon  
  200  19:17  Photon Cannon  
  200  19:19  Photon Cannon  
  200  19:20  Photon Cannon  
  200  19:27  Photon Cannon  
  200  19:32  Photon Cannon  
  200  19:36  Photon Cannon  
  200  19:39  Photon Cannon  
  200  19:41  Photon Cannon  
  200  19:47  Photon Cannon  
  200  19:53  Photon Cannon  
  200  20:02  Photon Cannon  
  200  20:06  Photon Cannon  
  200  20:08  Pylon  
  200  20:12  Pylon  
  200  21:02  Carrier x2  
  196  21:25  Protoss Ground Weapons Level 3 (Chrono Boost)  
  196  21:44  Void Ray  
  196  22:14  Void Ray  
  184  23:14  Carrier x2  
  184  23:15  Void Ray  
Show
View Real Time Build Order
Export as new Build Order

Sunny Protoss 

Build Orders:  

Get SALT Encoding   

  12  0:01  Probe (Chrono Boost)  
  13  0:13  Probe (Chrono Boost)  
  14  0:22  Probe (Chrono Boost)  
  15  0:47  Pylon  
  15  0:56  Assimilator  
  15  1:05  Probe  
  16  1:14  Forge  
  16  1:17  Probe (Chrono Boost)  
  17  1:22  Gateway  
  17  1:29  Probe (Chrono Boost)  
  18  1:37  Probe (Chrono Boost)  
  19  1:44  Probe  
  20  1:49  Photon Cannon  
  20  1:56  Probe  
  21  2:07  Pylon  
  21  2:10  Zealot  
  21  2:12  Pylon  
  23  2:32  Cybernetics Core  
  23  2:37  Zealot  
  23  2:38  Nexus  
  23  2:41  Assimilator  
  25  2:48  Assimilator  
  25  2:51  Probe  
  26  3:03  Probe  
  26  3:04  Zealot (Chrono Boost)  
  29  3:25  Stalker (Chrono Boost)  
  25  3:47  Stalker  
  24  4:08  Stargate  
  24  4:15  Probe  
  24  4:17  Stalker  
  27  4:21  Probe  
  28  4:28  Probe  
  29  4:33  Probe  
  30  4:40  Probe  
  29  4:45  Probe  
  29  4:46  Stalker  
  29  4:52  Probe  
  33  4:57  Probe  
  34  5:04  Probe  
  35  5:10  Probe  
  35  5:12  Assimilator  
  36  5:16  Stalker  
  38  5:22  Probe  
  39  5:34  Probe  
  44  5:46  Probe  
  39  5:58  Probe  
  38  6:04  Void Ray  
  38  6:22  Pylon  
  38  6:25  Pylon  
  38  6:28  Pylon  
  40  6:40  Probe x2 (Chrono Boost)  
  40  6:45  Probe  
  40  6:46  Probe  
  42  6:55  Void Ray  
  42  6:58  Stalker, Probe  
  48  7:28  Probe x2  
  50  7:38  Stalker, Void Ray (Chrono Boost)  
  50  7:40  Probe  
  57  7:52  Protoss Shields Level 1  
  57  8:00  Stalker  
  57  8:11  Pylon  
  59  8:22  Stalker  
  59  8:26  Void Ray (Chrono Boost)  
  65  8:41  Probe  
  65  8:42  Probe  
  67  8:50  Stalker  
  67  8:54  Probe  
  70  9:13  Pylon  
  70  9:16  Pylon  
  70  9:18  Probe  
  70  9:20  Stalker  
  69  9:29  Void Ray  
  73  9:45  Gateway  
  73  9:47  Stalker  
  75  9:55  Stargate  
  75  10:00  Protoss Ground Weapons Level 1  
  75  10:03  Void Ray, Probe (Chrono Boost)  
  76  10:10  Stalker  
  76  10:14  Probe (Chrono Boost)  
  81  10:18  Probe (Chrono Boost)  
  84  10:29  Probe  
  85  10:42  Probe  
  86  10:57  Pylon  
  86  10:58  Nexus  
  86  11:05  Pylon  
  86  11:11  Assimilator  
  86  11:13  Void Ray (Chrono Boost)  
  86  11:15  Sentry (Chrono Boost), Probe x2  
  94  11:20  Void Ray (Chrono Boost)  
  98  11:27  Probe x2  
  98  11:32  Stalker (Chrono Boost)  
  102  12:02  Pylon  
  102  12:09  Protoss Ground Armor Level 1  
  102  12:10  Stalker x2, Void Ray x2, Shield Battery, Probe x3  
  117  12:22  Probe x3  
  120  12:26  Robotics Facility  
  120  12:34  Probe x3  
  123  12:40  Stalker  
  125  13:21  Pylon  
  125  13:27  Pylon  
  125  13:30  Pylon  
  125  13:39  Stalker x2, Void Ray  
  133  13:45  Void Ray  
  133  13:46  Stargate  
  137  13:49  Gateway  
  137  13:50  Observer  
  138  14:05  Gateway  
  138  14:08  Warp Prism (Chrono Boost)  
  138  14:09  Stalker x2  
  144  14:21  Void Ray  
  144  14:22  Pylon  
  148  14:25  Assimilator  
  148  14:27  Pylon  
  148  14:40  Stalker x2, Warp Prism  
  148  14:43  Pylon  
  148  14:44  Void Ray  
  148  14:45  Pylon  
  158  15:04  Void Ray  
  162  15:10  Stalker  
  164  15:16  Observer  
  165  15:27  Void Ray  
  169  15:33  Probe x3  
  172  15:37  Observer  
  173  15:45  Stalker x3  
  173  15:46  Stalker  
  181  16:06  Protoss Air Weapons Level 1 (Chrono Boost)  
  181  16:20  Pylon  
  181  16:22  Pylon  
  181  16:25  Pylon  
  181  16:28  Pylon  
  181  16:37  Void Ray  
  181  16:38  Stalker x2  
  189  16:40  Void Ray x2  
  189  16:43  Stalker  
  199  17:06  Stalker  
  199  17:07  Immortal  
  199  17:09  Stalker  
  149  17:18  Stalker  
  149  17:19  Stalker  
  149  17:20  Void Ray (Chrono Boost)  
  99  17:27  Stalker, Void Ray (Chrono Boost)  
  103  17:30  Void Ray (Chrono Boost)  
  103  17:33  Stalker  
  107  17:46  Stalker x2, Immortal  
  115  17:55  Void Ray  
  115  17:57  Stalker  
  115  17:58  Protoss Air Armor Level 1 (Chrono Boost)  
  121  18:02  Twilight Council  
  121  18:03  Stalker, Void Ray  
  127  18:05  Void Ray  
  131  18:16  Stalker x2  
  135  18:25  Observer  
  136  18:27  Stalker  
  136  18:33  Stalker  
  140  18:39  Void Ray (Chrono Boost)  
  144  18:46  Stalker x2, Void Ray (Chrono Boost)  
  144  18:47  Immortal  
  156  18:49  Void Ray (Chrono Boost)  
  156  18:55  Stalker  
  160  18:56  Nexus  
  160  18:58  Assimilator  
  160  19:02  Pylon  
  162  19:15  Protoss Ground Weapons Level 2  
  162  19:18  Void Ray (Chrono Boost)  
  166  19:24  Probe x2  
  166  19:25  Probe  
  166  19:26  Immortal  
  166  19:27  Void Ray (Chrono Boost)  
  177  19:34  Stalker x2  
  177  19:36  Probe  
  182  19:45  Warp Gate  
  182  19:51  Void Ray (Chrono Boost)  
  186  20:05  Warp Prism  
  186  20:06  Void Ray (Chrono Boost)  
  192  20:27  Void Ray  
  182  20:56  Void Ray  
  174  20:57  Stalker  
  174  20:58  Stalker x3  
  173  21:10  Void Ray  
  176  21:27  Stalker x2  
  179  21:39  Void Ray  
  183  21:52  Void Ray  
  187  22:22  Void Ray  
  191  22:24  Stalker  
  191  22:25  Stalker  
  195  22:35  Void Ray  
Tags
 
Add a new tag
Caveats
  • Supply blocks, unpowered buildings, or Contaminate may cause inaccurate times.
  • Supply counts are checked every 10 seconds.